 Dungeon Crawl Stone Soup version 0.29.0-4-gdea44cf6ec (webtiles) character file.

Game seed: 9354955431579454138

4 qw the Chopper (level 1, 0/12 HPs)
             Began as a Tengu Warper on Aug 28, 2022.
             Slain by a gnoll
             ... wielding a +0 whip
              (4 damage)
             ... on level 1 of the Dungeon.
             The game lasted 00:00:00 (167 turns).

qw the Chopper (Tengu Warper)                        Turns: 167, Time: 00:00:01

Health: 0/12       AC:  3    Str: 11    XL:     1   Next: 70%
Magic:  4/4        EV: 11    Int: 13    God:
Gold:   0          SH:  0    Dex: 13    Spells: 4/4 levels left

rFire   . . .      SeeInvis .   a - +0 hand axe
rCold   . . .      Faith    .   (no shield)
rNeg    . . .      Spirit   .   b - +0 leather armour
rPois   .          Reflect  .   (helmet restricted)
rElec   .          Harm     .   (no cloak)
rCorr   .          Rampage  .   (no gloves)
Will    .....                   (boots unavailable)
Stlth   +.........              (no amulet)
HPRegen 0.04/turn               (no ring)
MPRegen 0.09/turn               (no ring)

@: no status effects
A: beak, talons 3
a: no special abilities


You were on level 1 of the Dungeon.
You visited 1 branch of the dungeon, and saw 1 of its levels.


Innate Abilities, Weirdness & Mutations

You have a beak for a mouth.
You have claws for feet.


   Skills:
 - Level 2.0 Fighting
 + Level 2.7 Axes
 - Level 1.0 Throwing
 - Level 1.1 Armour
 - Level 2.1 Dodging
 - Level 2.0 Spellcasting
 - Level 2.4 Translocations


You had 4 spell levels left.
You didn't know any spells.
Your spell library contained the following spells:

 Spells                   Type           Power      Damage    Failure   Level
 Blink                    Tloc           14%        N/A       19%         2
 Gell's Gravitas          Tloc           7%         N/A       36%         3
 Lesser Beckoning         Tloc           7%         N/A       36%         3
 Teleport Other           Tloc           7%         N/A       36%         3
 Manifold Assault         Tloc           7%         N/A       98%         5

Inventory:

Hand Weapons
 a - a +0 hand axe (weapon)
 d - a +0 whip
Armour
 b - a +0 leather armour (worn)
Scrolls
 c - a scroll of blinking

Dungeon Overview and Level Annotations

Branches:
Dungeon (1/15)

Altars:


Message History

Press: ? - help, Q - select action Shift-Dir - straight line, f/p - kobold You throw a boomerang of dispersal.
The boomerang of dispersal completely misses the kobold.
You hear a shout!
A hobgoblin comes into view.
You hit the kobold.
You kill the kobold!
You hit the hobgoblin but do no damage. Your kick misses the hobgoblin.
You peck the hobgoblin, but do no damage.
The hobgoblin closely misses you.
You hit the hobgoblin.
You kill the hobgoblin!
d - a +0 whip
Things that are here:
a hobgoblin corpse; a kobold corpse A frilled lizard comes into view.
The frilled lizard hisses angrily.
You miss the frilled lizard. You claw the frilled lizard.
You kill the frilled lizard!
A ball python comes into view.
You closely miss the ball python.
You claw the ball python, but do no damage.
The ball python bites you but does no damage.
The ball python grabs you. The ball python constricts you.
You hit the ball python.
You kill the ball python!
Found a quarterstaff.
Enter note:
Enter note:
Found a stone staircase leading down.
A gnoll comes into view. It is wielding a +0 whip.
The gnoll shouts!
You hit the gnoll. Your kick misses the gnoll.
The gnoll is moderately wounded.
The gnoll hits you with a +0 whip!
Ouch! That really hurt!
You hit the gnoll. Your kick misses the gnoll.
The gnoll is severely wounded.
The gnoll hits you with a +0 whip.
You die...

..
..............#.###.#%
...
.###...###............
##...# ##...........
...................
#..####.#.#...###.
#..##........####.
#..............##.
#..##.....#.##.##.
#@.##.....#.##.##.
.......g.##.....#.##.##.
........................
#######..####.#.#.###.#.
#..####.#.#.# #.#.
..........#.# #.#.
#....####.#####)#.
.>..............#.
.######.#####.#.


You could see a gnoll.

Vanquished Creatures
  A ball python (D:1)
  A hobgoblin (D:1)
  A frilled lizard (D:1)
  A kobold (D:1)
  A rat (D:1)
5 creatures vanquished.

Notes
Turn   | Place    | Note
-------+----------+-------------------------------------------
     0 | D:1      | qw the Tengu Warper began the quest for the Orb.
     0 | D:1      | Reached XP level 1. HP: 12/12 MP: 4/4
     0 | D:1      | 0 ||| qw: Version: 0.1-a-89-g26bdef1
     0 | D:1      | 0 ||| qw: Game counter: 3200
     0 | D:1      | 0 ||| qw: Always use a shield: true
     0 | D:1      | 0 ||| qw: God list: Okawaru
     0 | D:1      | 0 ||| qw: Allow faded altars: false
     0 | D:1      | 0 ||| qw: Do Orc after D:15 true
     0 | D:1      | 0 ||| qw: Do second Lair branch before Depths: true
     0 | D:1      | 0 ||| qw: Lair rune preference: random
     0 | D:1      | 0 ||| qw: Plans: Normal
     0 | D:1      | 0 ||| PLANNING D:1-11
   167 | D:1      | Slain by a gnoll

Levels and vault maps discovered:
D:1:      moated_graveyard_arrival, layout_basic, minmay_hedge_maze,
          minmay_tripent

Action                   || total
-------------------------++-------
Melee: Hand axe          ||     8
       Kick              ||     2
       Peck              ||     1
Throw: Boomerang         ||     7
Armor: Leather armour    ||     1
Dodge: Dodged            ||     1

Table legend:
 A = Non-vault XP
 B = Vault XP
 C = Vault XP percentage of total XP
 D = Non-vault monster count
 E = Vault monster count
 F = Vault count percentage of total count
                 A         B        C        D         E       F
            +---------+---------+-------+---------+---------+-------
      Total |       7 |       0 |   0.0 |       5 |       0 |   0.0
            +---------+---------+-------+---------+---------+-------
        D:1 |       7 |       0 |   0.0 |       5 |       0 |   0.0
            +---------+---------+-------+---------+---------+-------
